 Dungeon Crawl Stone Soup version 0.31.0-32-g396128a36d (webtiles) character file.

Game seed: 12429339536132875157

728 Silvore the Covered (level 7, -3/60 HPs)
             Began as a Minotaur Fighter on Mar 11, 2024.
             Splashed by a jelly's acid (8 damage)
             ... on level 5 of the Dungeon.
             The game lasted 00:04:06 (3999 turns).

Silvore the Covered (Minotaur Fighter)              Turns: 3999, Time: 00:04:07

Health: -3/60      AC: -4    Str: 23    XL:     7   Next: 44%
Magic:  0/6        EV: 10    Int:  5    God:
Gold:   275        SH:  0    Dex:  9    Spells: 6/6 levels left

rFire   . . .        e - +1 mace
rCold   . . .        (no shield)
rNeg    . . .        b - +0 scale mail
rPois   .            (helmet restricted)
rElec   .            (no cloak)
rCorr   .            (no gloves)
SInv    .            (no boots)
Will    +....        l - amulet of guardian spirit Stlth
                     m - ring of willpower
HPRegen 0.30/turn    (no ring)
MPRegen 0.10/turn

%: guardian spirit
@: corroded
A: horns 2, retaliatory headbutt
a: no special abilities


You were on level 5 of the Dungeon.
You visited 1 branch of the dungeon, and saw 5 of its levels.

You collected 275 gold pieces.

Inventory:

Hand Weapons
 a - a +0 flail
 e - a +1 mace (weapon)
Armour
 b - a +0 scale mail (worn)
 c - a +1 buckler
 p - a +0 kite shield
Jewellery
 l - an amulet of guardian spirit (around neck)
 m - a ring of willpower (left hand)
 o - a ring of ice
 q - an amulet of faith
 s - a +5 ring of evasion
 u - a +5 ring of evasion
Wands
 j - a wand of mindburst (11)
 k - a wand of roots (10)
Scrolls
 f - 2 scrolls of identify
 i - a scroll of blinking
 r - 3 scrolls of summoning
Potions
 d - 3 potions of might
 g - a potion of degeneration
 h - 2 potions of brilliance
 n - 2 potions of enlightenment
 t - a potion of curing


   Skills:
 + Level 4.9 Fighting
 + Level 5.4 Maces & Flails
 + Level 7.1 Armour
 + Level 2.9 Dodging
 + Level 0.5 Stealth
 + Level 4.8 Shields


You had 6 spell levels left.
You didn't know any spells.
Your spell library contained the following spells:

 Spells                   Type           Power      Damage    Failure   Level
 Necrotise                Necr           0%         1d4       77%         1
 Vampiric Draining        Necr           0%         2d6       98%         3
 Martyr's Knell           Necr/Summ      0%         N/A       100%        4
 Curse of Agony           Necr           0%         N/A       100%        5


Dungeon Overview and Level Annotations

Branches:
Dungeon (5/15)
 Temple: D:4-7

Altars:
Okawaru
Sif Muna
Xom


Innate Abilities, Weirdness & Mutations

You have a pair of horns on your head.
You reflexively headbutt those who attack you in melee.


Message History

The arrow freezes you.
The centaur unwields a +2 orcbow of freezing.
The centaur closely misses you. The centaur kicks you.
You hit the centaur but do no damage. The centaur closely misses you.
The centaur kicks you but does no damage.
The centaur hits you but does no damage.
The centaur kicks you.
You hit the centaur. You headbutt the centaur!
The centaur is heavily wounded.
The centaur hits you but does no damage.
The centaur kicks you but does no damage.
The centaur hits you. The centaur kicks you.
You barely miss the centaur. Your headbutt misses the centaur.
The centaur is heavily wounded.
The centaur closely misses you. You furiously retaliate!
You headbutt the centaur!
The centaur kicks you but does no damage.
You barely miss the centaur. You headbutt the centaur.
You kill the centaur!
Your Armour skill increases to level 7!
You thump the jelly!
Your hands burn!
The jelly is heavily wounded.
The jelly closely misses you.
You barely miss the jelly.
The jelly is heavily wounded.
The jelly hits you. The acid corrodes you!
You are splashed with acid!
You hit the jelly.
Your hands burn!
The jelly is almost dead.
The jelly hits you. The acid corrodes you!
You are splashed with acid!
You hit the jelly but do no damage. The acid corrodes you!
Your hands burn!
* * * LOW HITPOINT WARNING * * *
The jelly is almost dead.
The jelly hits you.
* * * LOW HITPOINT WARNING * * *
The acid corrodes you!
You are splashed with acid!
* * * LOW HITPOINT WARNING * * *
The jelly hits you.
* * * LOW HITPOINT WARNING * * *
You are splashed with acid!
You die...

#.# ##.##### #
#......# #
.........##.####### #
..................####
#
.#####..<##.##.......#
# #.....#.#..#####...
# ....#....#.##.l.# ..
# #####..####@#.#.#.#
# ..# #.JW#|#... #
#.#.#.#.#.. ###
#.##...##.. #.. #..
####.. #.# ##.. ....
#.# .. ... #.# ##.
.########.# .......[.


You could see a phantom and a jelly.

Vanquished Creatures
  An ice beast (D:5)
  A centaur (D:5)
  A phantom (D:4)
  A scorpion (D:4)
  A howler monkey (D:5)
  A hound (D:5)
  A sleepcap (D:4)
  Jessica (D:3)
  An orc wizard (D:4)
  Ijyb (D:2)
  2 iguanas (D:5)
  Terence (D:2)
  Robin (D:3)
  3 gnolls (D:3)
  4 adders
  A ribbon worm (D:2)
  8 orcs
  4 ball pythons
  4 bats
  4 endoplasms
  4 giant cockroaches
  13 hobgoblins
  7 jackals (D:3)
  3 quokkas
  5 frilled lizards
  21 goblins
  5 kobolds
  6 rats
106 creatures vanquished.

Notes
Turn   | Place    | Note
-------+----------+-------------------------------------------
     0 | D:1      | Silvore the Minotaur Fighter began the quest for the Orb.
     0 | D:1      | Reached XP level 1. HP: 19/19 MP: 0/0
   133 | D:1      | Reached XP level 2. HP: 27/27 MP: 1/1
   229 | D:1      | Reached skill level 4 in Armour
   802 | D:2      | Reached XP level 3. HP: 31/33 MP: 2/2
  1001 | D:2      | Noticed Ijyb
  1014 | D:2      | Killed Ijyb
  1208 | D:2      | Reached XP level 4. HP: 40/40 MP: 3/3
  1706 | D:3      | Reached skill level 1 in Dodging
  1758 | D:3      | Noticed Robin
  1759 | D:3      | Noticed Terence
  1825 | D:2      | Killed Terence
  1826 | D:2      | Reached XP level 5. HP: 12/46 MP: 4/4
  1966 | D:3      | Killed Robin
  1969 | D:3      | HP: 3/69 [poisoned by Robin]
  1970 | D:3      | Reached skill level 5 in Armour
  2175 | D:3      | Found an iron altar of Okawaru.
  2438 | D:3      | Noticed Jessica
  2445 | D:3      | Killed Jessica
  2451 | D:3      | Found a shimmering blue altar of Sif Muna.
  2745 | D:4      | Noticed a phantom
  2767 | D:4      | Killed a phantom
  2768 | D:4      | Reached XP level 6. HP: 28/53 MP: 3/5
  3004 | D:4      | Found a shimmering altar of Xom.
  3170 | D:4      | Reached skill level 5 in Maces & Flails
  3170 | D:4      | Reached skill level 6 in Armour
  3431 | D:5      | Entered Level 5 of the Dungeon
  3444 | D:5      | Identified the +3 chain mail "Bodu" {rElec rC- rCorr Str+5}
  3752 | D:5      | Noticed an ice beast
  3767 | D:5      | Killed an ice beast
  3768 | D:5      | Reached XP level 7. HP: 38/60 MP: 4/6
  3996 | D:5      | Reached skill level 7 in Armour
  3999 | D:5      | Splashed by a jelly's acid

Illustrated notes

Levels and vault maps discovered:
D:1:      saegor_arrival_simple_d, layout_basic, minmay_misc_feat_x
D:2:      kennysheep_the_goblin_king, layout_basic
D:3:      layout_basic, tgw_sif, okawaru_ov_weapons_minmay, uniq_jessica,
          uniq_terence, uniq_robin
D:4:      layout_basic, mainiacjoe_overflow_brackets, kennysheep_generic_room_5
D:5:      minmay_chambers_of_threes, layout_loops_corners, minmay_checkerbox

Skill      XL: |  1  2  3  4  5  6  7 |
---------------+----------------------+-----
Fighting       | 4 |  4.9
Armour         | 4 5 6 7 |  7.1
Shields        | 4 |  4.8
Maces & Flails | 3 4 5 |  5.4
Dodging        | 1 2 |  2.9
Stealth        | |  0.5

Action                     |  1- 3 |  4- 6 |  7- 9 || total
---------------------------+-------+-------+-------++-------
  Melee: Flail             |    17 |       |       ||    17
         Headbutt          |     8 |    23 |     2 ||    33
         Mace              |    52 |   168 |    12 ||   232
    Use: Scroll            |     6 |     8 |       ||    14
         Potion            |     1 |     1 |       ||     2
 Armour: Scale mail        |    60 |   189 |    17 ||   266
         Skin              |       |     6 |       ||     6
  Dodge: Dodged            |    38 |   114 |     6 ||   158
  Block: Buckler           |    20 |    56 |       ||    76
